 Dungeon Crawl Stone Soup version 0.31-a0-1178-gc5c9b8f (webtiles) character file.

Game seed: 693857008088911220

116988 Kearsarge the Skinwalker (level 16, 0/127 HPs)
             Began as a Merfolk Fighter on Dec 11, 2023.
             Was an Initiate of Gozag.
             Slain by a fenstrider witch (14 damage)
             ... while paralysed by a fenstrider witch
             ... on level 2 of the Swamp.
             The game lasted 00:31:29 (24028 turns).

Kearsarge the Skinwalker (Merfolk Fighter)         Turns: 24028, Time: 00:31:30

Health: 0/127      AC: 12    Str: 20    XL:     16   Next: 72%
Magic:  16/16      EV:  2    Int:  9    God:    Gozag
Gold:   1116       SH:  0    Dex: 19    Spells: 15/15 levels left

rFire   + .          .
                       - Unarmed
rCold   + . .        (shield currently unavailable)
rNeg    . . .        (body armour currently unavailable)
rPois   ∞            (helmet currently unavailable)
rElec   +            (cloak currently unavailable)
rCorr   .            (gloves currently unavailable)
SInv    .            (boots currently unavailable)
Will    +....        J - amulet of Keax {Regen+ Dex+3}
Stlth   ++           I - ring of protection from cold
HPRegen 1.21/turn    K - ring of protection from fire
MPRegen 0.15/turn

%: no passive effects
@: paralysed, storm-form, flying, studying Conjurations
A: cleaving, insubstantial, flying, (nimble swimmer 2), (mertail)
a: Blinkbolt, Begin Untransformation, Renounce Religion, Potion Petition, Call
Merchant, Bribe Branch


You were on level 2 of the Swamp.
You worshipped Gozag.
Gozag was most pleased with you.
You were a lightning-filled tempest!
You visited 5 branches of the dungeon, and saw 25 of its levels.

You collected 7133 gold pieces.
You spent 2551 gold pieces at shops.
You paid 3466 gold pieces to Gozag.

Inventory:

Missiles
 w - 2 curare-tipped darts
 G - 3 throwing nets
Jewellery
 h - a ring of resist corrosion
 H - a ring of willpower
 I - a ring of protection from cold (left fist)
 J - the amulet of Keax (around neck) {Regen+ Dex+3}
   (You bought it in a shop on level 2 of the Orcish Mines)

   [amulet of regeneration]

   Dex+3:     It affects your dexterity (+3).
   Regen+:    It increases your rate of health regeneration.
 K - a ring of protection from fire (right fist)
Talismans
 i - a storm talisman (active)
Wands
 m - a wand of digging (14)
 t - a wand of flame (21)
 u - a wand of paralysis (26)
 x - a wand of iceblast (11)
Scrolls
 d - 4 scrolls of identify
 e - 5 scrolls of fog
 g - 7 scrolls of teleportation
 k - 5 scrolls of fear
 l - 5 scrolls of revelation
 n - 3 scrolls of amnesia
 o - 2 scrolls of enchant armour
 p - a scroll of enchant weapon
 s - 4 scrolls of blinking
 v - a scroll of torment
 y - 3 scrolls of immolation
 F - 2 scrolls of noise
 L - a scroll of butterflies
 M - a scroll of poison
 N - a scroll of vulnerability
Potions
 a - 5 potions of lignification
 b - 2 potions of magic
 c - 4 potions of mutation
 f - 4 potions of curing
 j - 2 potions of heal wounds
 r - 3 potions of attraction
 z - a potion of resistance
 B - a potion of cancellation
 C - 2 potions of enlightenment
 D - 2 potions of brilliance
 E - 6 potions of haste
Miscellaneous
 q - a phial of floods
 A - a phantom mirror


   Skills:
 + Level 12.0 Fighting
 - Level 7.9 Polearms
 - Level 4.8 Armour
 + Level 16.2 Dodging
 - Level 6.3 Shields
 + Level 11.5 Unarmed Combat
 - Level 23.0 Shapeshifting


You had 15 spell levels left.
You didn't know any spells.
Your spell library contained the following spells:

 Spells                   Type           Power      Damage    Failure   Level
 Freeze                   Ice            0%         1d3       38%         1
 Sandblast                Erth           0%         2d4       38%         1
 Slow                     Hex            0%         N/A       38%         1
 Ensorcelled Hibernation  Hex/Ice        0%         N/A       52%         2
 Jinxbite                 Hex            0%         N/A       52%         2
 Passwall                 Tmut/Erth      0%         N/A       52%         2
 Wereblood                Tmut           0%         N/A       52%         2
 Confusing Touch          Hex            0%         N/A       77%         3
 Dazzling Flash           Conj/Hex       0%         N/A       77%         3
 Frozen Ramparts          Ice            0%         1d1       77%         3
 Hailstorm                Conj/Ice       0%         3d5       77%         3
 Inner Flame              Hex/Fire       0%         N/A       77%         3
 Sigil of Binding         Hex            0%         N/A       77%         3
 Stone Arrow              Conj/Erth      0%         3d7       77%         3
 Tukima's Dance           Hex            0%         N/A       77%         3
 Vampiric Draining        Necr           0%         2d6       77%         3
 Anguish                  Hex/Necr       0%         N/A       99%         4
 Brom's Barrelling Bould  Conj/Erth      0%         2d3       99%         4
 Dimensional Bullseye     Hex/Tloc       0%         N/A       99%         4
 Iskenderun's Mystic Bla  Conj/Tloc      0%         2d3       99%         4
 Olgreb's Toxic Radiance  Pois           0%         N/A       99%         4
 Passage of Golubria      Tloc           0%         N/A       99%         4
 Summon Ice Beast         Ice/Summ       0%         N/A       99%         4
 Agony                    Necr           0%         N/A       100%        5
 Arcjolt                  Conj/Air       0%         1d10      100%        5
 Freezing Cloud           Conj/Ice/Air   0%         6-21      100%        5
 Irradiate                Conj/Tmut      0%         3d11      100%        5
 Silence                  Hex/Air        0%         N/A       100%        5
 Summon Mana Viper        Hex/Summ       0%         N/A       100%        5
 Yara's Violent Unravell  Hex/Tmut       0%         3d3       100%        5
 Enfeeble                 Hex            0%         N/A       100%        7


Dungeon Overview and Level Annotations

Branches:
Dungeon (15/15)            Temple (1/1) D:4            Lair (5/5) D:8
  Swamp (2/4) Lair:3       Spider (0/4) Lair:3        Slime (0/5) Lair:4
    Orc (2/2) D:12            Elf (0/3) Orc:2        Vaults (0/5) D:14
 Depths (0/4) D:15

Altars:
Ashenzari
Cheibriados
Dithmenos
Elyvilon
Fedhas
Gozag
Hepliaklqana
Kikubaaqudgha
Makhleb
Nemelex Xobeh
Okawaru
Qazlal
Ru
Sif Muna
Trog
Uskayaw
Vehumet
Wu Jian
Xom
Yredelemnul
Zin
The Shining One

Shops:
D:2 :   D:10 *   D:12 =   Orc:2 [(*=   Swamp:2 ?

Annotations:
D:15 exclusions: obsidian statue and orange crystal statue


Innate Abilities, Weirdness & Mutations

You are a lightning-filled tempest!
Your electrical attacks strike out in all directions at once.
You are incredibly evasive.
Your insubstantial body is immune to petrification, constriction, and being set on fire You are flying.
Your armour is entirely melded.
You are incapable of wielding weapons or throwing items.
You are immune to poison.
((You are very nimble when in or above water. (Stealth+, EV+, Speed+++)))
((Your lower body shifts to a powerful aquatic tail in water.))


Message History

The fenstrider witch hits you! The fenstrider witch kicks you!
The fenstrider witch barely misses you. The fenstrider witch kicks you.
You can move again.
Unknown command.
Unknown command.
You closely miss the fenstrider witch.
The fenstrider witch is severely wounded.
The fenstrider witch hits you!
The fenstrider witch closely misses you.
Unknown command.
Unknown command.
You completely miss the fenstrider witch.
The fenstrider witch is severely wounded.
The fenstrider witch completely misses you. x2
You batter the fenstrider witch!!
The fenstrider witch is almost dead.
The fenstrider witch hits you!
The fenstrider witch completely misses you.
You closely miss the fenstrider witch.
The fenstrider witch is almost dead.
The fenstrider witch casts a spell at you.
You suddenly lose the ability to move!
The fenstrider witch hits you but does no damage.
The fenstrider witch kicks you. The fenstrider witch hits you!
* * * LOW HITPOINT WARNING * * *
The fenstrider witch kicks you!
* * * LOW HITPOINT WARNING * * *
The fenstrider witch points at you and mumbles some strange words.
Your body is wracked with pain!
* * * LOW HITPOINT WARNING * * *
The fenstrider witch hits you.
* * * LOW HITPOINT WARNING * * *
The fenstrider witch kicks you.
* * * LOW HITPOINT WARNING * * *
The fenstrider witch hits you but does no damage.
The fenstrider witch kicks you but does no damage.
The fenstrider witch hits you!
You die...
Your body crumbles into a pile of gold.

♣~§ ♣♣..♣ ♣#♣ ♣♣♣~.~♣
♣♣.♣♣ ~~~~.~♣ ♣♣.~.♣#
.~~~.~# ♣.~~~.# #
.~~~♣~♣.♣♣♣.♣♣.~v♣ .#
~...♣.#♣...♣ ♣♣H♣♣ H.#
<∩~~.~♣♣...♣♣♣.#.♣# Fk.#
~.......♣ ♣.♣(~~~F♣♣~≈~♣.~
~....~..♣ ♣.~.~~~.~H≈~≈..~
~~.~.~..♣♣♣.#.~~~)♣♣~≈~♣..
~...~~♣♣...♣♣♣.#.♣# ~≈.♣
§..~.~♣♣...♣ ♣♣.♣♣ ≈.#
~.♣♣♣.♣$♣♣♣.♣♣.~.♣ .#


You could see a fenstrider witch.

Vanquished Creatures
  2 thorn hunters (Swamp:2)
  A ghoul (Swamp:2)
  2 orc warlords
  2 eleionomae (Swamp:1)
  Azrael (Orc:2)
  The ghost of Kave the Mimic, a journeyman TrSh of Sif Muna (D:13)
  A bunyip (Swamp:2)
  Josephine (D:15)
  10 hydras
  A vault guard (D:14)
  6 centaur warriors
  4 alligators (Swamp:1)
  2 ogre magi (D:15)
  A death knight (D:11)
  7 two-headed ogres
  A catoblepas (D:14)
  A merfolk avatar (Lair:5)
  A dancing weapon (D:14)
  2 orc high priests (Orc:2)
  5 boulder beetles
  2 tengu warriors
  A deep troll earth mage (D:15)
  4 death yaks (Lair:2)
  An occultist (D:15)
  2 skysharks (Lair:5)
  A pharaoh ant (Lair:3)
  2 goliath frogs
  3 bog bodies
  3 swamp dragons (Swamp:1)
  A skeletal warrior (D:15)
  2 harpies (Lair:5)
  5 orc knights
  3 deep elf pyromancers
  Pikel (D:8)
  10 ugly things
  6 orc sorcerers
  A will-o-the-wisp (Swamp:2)
  7 cyclopes
  Maurice (D:12)
  2 manticores
  6 black mambas
  2 kobold blastminers
  8 elephants
  A gargoyle (D:12)
  9 cane toads
  A torpor snail (Lair:2)
  3 unseen horrors
  A freezing wraith (D:14)
  An efreet (D:15)
  A rime drake (Lair:5)
  2 kobold demonologists (D:7)
  7 komodo dragons
  A tengu conjurer (D:14)
  A meliai (D:15)
  3 polar bears
  8 blink frogs
  A bloated husk (Swamp:2)
  8 trolls
  2 tyrant leeches
  4 hornets
  A hornet (shapeshifter) (D:15)
  Grinder (D:5)
  A wind drake (Lair:5)
  A tarantella (Lair:2)
  14 dream sheep
  A shadow (D:10)
  3 fire elementals (Orc:2)
  Sigmund (D:6)
  2 vampires
  3 wraiths (D:15)
  2 yaks (shapeshifter) (D:13)
  27 yaks
  A redback (D:15)
  5 basilisks
  4 wyverns
  A steam dragon (D:7)
  11 vampire mosquitoes
  4 swamp worms
  6 wargs
  18 water moccasins
  An acid dragon (D:12)
  2 hell hounds (Orc:2)
  24 orc warriors
  6 black bears
  2 sky beasts
  14 ogres
  3 swamp drakes (Swamp:1)
  8 centaurs
  10 wolves
  2 lemures (D:8)
  4 phantoms
  4 kobold brigands
  18 bullfrogs
  4 gnoll sergeants
  5 scorpions
  2 wights (D:7)
  11 killer bees
  6 electric eels (D:10)
  3 howler monkeys
  3 jellies
  8 orc priests
  4 hounds
  2 sleepcaps
  2 gnoll boudas
  3 iguanas
  13 orc wizards
  Natasha (twice) (D:3)
  8 adders
  19 gnolls
  A white imp (D:6)
  A worm (D:2)
  3 dart slugs
  58 orcs
  4 bats
  15 endoplasms
  2 giant cockroaches
  4 goblins
  4 hobgoblins
  9 jackals
  A quokka (D:1)
  6 ball pythons
  4 frilled lizards
  18 kobolds
  5 rats
615 creatures vanquished.

Vanquished Creatures (collateral kills)
  Rupert (D:12)
  2 two-headed ogres (D:12)
  A wyvern (D:11)
4 creatures vanquished.

Vanquished Creatures (others)
  A bloated husk (Swamp:2)
  A hell hound (Orc:2)
  An orc priest (Orc:2)
  6 foxfires (Swamp:2)
9 creatures vanquished.

Grand Total: 628 creatures vanquished

Notes
Turn   | Place    | Note
-------+----------+-------------------------------------------
     0 | D:1      | Kearsarge the Merfolk Fighter began the quest for the Orb.
     0 | D:1      | Reached XP level 1. HP: 18/18 MP: 1/1
   263 | D:1      | Reached XP level 2. HP: 22/24 MP: 2/2
   572 | D:1      | Found a faded altar of an unknown god.
   843 | D:2      | Found Uhaczor's Book Emporium.
   905 | D:2      | Reached XP level 3. HP: 29/29 MP: 3/3
  1330 | D:3      | Reached XP level 4. HP: 37/37 MP: 4/4
  1918 | D:3      | Reached XP level 5. HP: 41/42 MP: 5/5
  2023 | D:3      | Identified the +7 rapier of Misery {freeze, Str+3}
  2032 | D:3      | Noticed Natasha
  2048 | D:3      | Killed Natasha
  2081 | D:3      | Found a glowing golden altar of the Shining One.
  2152 | D:4      | Noticed a water moccasin
  2179 | D:3      | Noticed Natasha
  2185 | D:3      | Killed Natasha
  2298 | D:4      | Killed a water moccasin
  2299 | D:4      | Reached XP level 6. HP: 39/49 MP: 6/6
  2383 | D:4      | Reached skill level 5 in Polearms
  2518 | D:4      | Found a staircase to the Ecumenical Temple.
  2531 | D:4      | Reached skill level 5 in Fighting
  2540 | Temple   | Entered the Ecumenical Temple
  2567 | D:4      | Reached XP level 7. HP: 41/56 MP: 7/7
  3051 | D:4      | Reached skill level 5 in Shields
  3146 | D:5      | Entered Level 5 of the Dungeon
  3286 | D:5      | Reached XP level 8. HP: 34/64 MP: 8/8
  3398 | D:5      | Noticed Grinder
  3411 | D:5      | Killed Grinder
  3470 | D:5      | HP: 4/97 [water moccasin (2)]
  3478 | D:5      | HP: 3/97 [black bear (3)]
  3481 | D:5      | Reached XP level 9. HP: 2/71 MP: 9/9
  4372 | D:6      | Noticed Sigmund
  4380 | D:6      | Killed Sigmund
  4381 | D:6      | Reached skill level 2 in Shapeshifting
  4387 | D:6      | Found a sparkling altar of Nemelex Xobeh.
  4421 | D:6      | Reached skill level 3 in Shapeshifting
  4427 | D:6      | Found a white marble altar of Elyvilon.
  4460 | D:6      | Reached skill level 4 in Shapeshifting
  4768 | D:6      | Reached skill level 5 in Shapeshifting
  4999 | D:6      | Reached skill level 6 in Shapeshifting
  5206 | D:6      | Reached skill level 7 in Shapeshifting
  5400 | D:6      | Found a burning altar of Makhleb.
  5561 | D:7      | Reached skill level 8 in Shapeshifting
  5723 | D:7      | Reached skill level 9 in Shapeshifting
  5878 | D:7      | Found an opulent altar of Gozag.
  5888 | D:7      | Became a worshipper of Gozag Ym Sagoz the Greedy
  5931 | D:7      | Found a broken altar of Ashenzari.
  5931 | D:7      | Found an ornate altar of the Wu Jian Council.
  5932 | D:7      | Found a basalt altar of Yredelemnul.
  5933 | D:7      | Found a shadowy altar of Dithmenos.
  5933 | D:7      | Found a sacrificial altar of Ru.
  5934 | D:7      | Found an iron altar of Okawaru.
  5935 | D:7      | Found a hide-covered altar of Uskayaw.
  5972 | D:7      | Reached XP level 10. HP: 72/77 MP: 10/10
  6084 | D:7      | Identified the +6 chain mail of New Discoveries {rF+ rC+
                  | MP+9 SInv}
  6208 | D:7      | Noticed a kobold demonologist
  6213 | D:7      | Noticed a sixfirhy
  6220 | D:7      | Killed a kobold demonologist
  6221 | D:7      | Reached skill level 10 in Shapeshifting
  6251 | D:7      | Noticed a kobold demonologist
  6279 | D:7      | Killed a kobold demonologist
  6504 | D:7      | Got the Almanac of Bad Luck and Virulence
  6698 | D:8      | Reached skill level 11 in Shapeshifting
  6774 | D:8      | Noticed Pikel
  6808 | D:8      | Killed Pikel
  6809 | D:8      | Reached skill level 12 in Shapeshifting
  6907 | D:8      | Found a staircase to the Lair.
  7307 | D:8      | Found a snail-covered altar of Cheibriados.
  7308 | D:8      | Found a hazy altar of Hepliaklqana.
  7497 | D:9      | Reached skill level 13 in Shapeshifting
  7546 | D:9      | Reached skill level 1 in Unarmed Combat
  8347 | D:9      | Noticed a two-headed ogre
  8473 | D:9      | Reached XP level 11. HP: 67/83 MP: 11/11
  8678 | D:9      | Killed a two-headed ogre
  8679 | D:9      | Reached skill level 14 in Shapeshifting
  8812 | D:10     | Entered Level 10 of the Dungeon
  8815 | D:10     | Bought a scroll of identify for 46 gold pieces
  8815 | D:10     | Bought a purple potion for 20 gold pieces
  8815 | D:10     | Bought a scroll labelled KAOC LECWUOGG for 23 gold pieces
  9216 | D:10     | Identified the +4 long sword of Fedhas's Generosity
                  | {distort, +Blink Str-2 Int+5 Dex+3}
  9709 | D:10     | Found a bloodstained altar of Trog.
  9785 | D:11     | Paralysed by a hornet for 1 turns
  9993 | D:11     | Noticed a cyclops
 10002 | D:11     | Killed a cyclops
 10303 | D:10     | Reached skill level 5 in Unarmed Combat
 10303 | D:10     | Reached skill level 15 in Shapeshifting
 10420 | D:11     | Noticed a boulder beetle
 10447 | D:11     | Killed a boulder beetle
 10598 | D:11     | Noticed a brown ugly thing
 10598 | D:11     | Noticed a death knight
 10599 | D:11     | Noticed a boulder beetle
 10830 | Lair:1   | Entered Level 1 of the Lair of Beasts
 11903 | Lair:1   | Reached skill level 16 in Shapeshifting
 12247 | Lair:2   | Reached XP level 12. HP: 70/89 MP: 12/12
 12402 | Lair:2   | Noticed a five-headed hydra
 12414 | Lair:2   | Killed a five-headed hydra
 12489 | Lair:2   | Noticed a death yak
 12489 | Lair:2   | Noticed a death yak
 12489 | Lair:2   | Noticed a death yak
 12489 | Lair:2   | Noticed a death yak
 12509 | Lair:2   | Killed a death yak
 12510 | Lair:2   | Reached skill level 17 in Shapeshifting
 12517 | Lair:2   | Killed a death yak
 12520 | Lair:2   | Killed a death yak
 12526 | Lair:2   | Killed a death yak
 12852 | Lair:2   | Reached skill level 18 in Shapeshifting
 12995 | Lair:2   | Identified the +3 scale mail "Tasujian" {Dex+3}
 13551 | Lair:2   | Bought a scroll of teleportation for 45 gold pieces
 13551 | Lair:2   | Bought a scroll of teleportation for 45 gold pieces
 13551 | Lair:2   | Bought a scroll of teleportation for 45 gold pieces
 13551 | Lair:2   | Bought a scroll of teleportation for 45 gold pieces
 13551 | Lair:2   | Bought a scroll of revelation for 112 gold pieces
 13551 | Lair:2   | Bought a scroll of butterflies for 60 gold pieces
 13551 | Lair:2   | Bought a scroll of identify for 30 gold pieces
 13551 | Lair:2   | Bought a scroll of identify for 30 gold pieces
 13554 | Lair:2   | Reached skill level 20 in Shapeshifting
 13554 | Lair:2   | Reached XP level 13. HP: 95/95 MP: 13/13
 13785 | Lair:3   | Found a staircase to the Swamp.
 13786 | Lair:3   | Got the Papyrus of the Massed Lungs
 14128 | Lair:3   | Found a hole to the Spider Nest.
 14438 | Lair:3   | Reached skill level 21 in Shapeshifting
 15148 | Lair:3   | Identified the +7 spear "Lifebane" {freeze, rN+ rCorr Str+2
                  | Int+3}
 15164 | Lair:3   | Reached skill level 1 in Dodging
 15423 | Lair:3   | Reached XP level 14. HP: 85/101 MP: 14/14
 15638 | Lair:4   | Identified the +3 trident of Xom's Pride {heavy, rPois
                  | Str+4}
 15956 | Lair:4   | Found a staircase to the Slime Pits.
 15997 | Lair:5   | Entered Level 5 of the Lair of Beasts
 16005 | Lair:5   | Reached skill level 5 in Dodging
 16181 | Lair:5   | Reached skill level 22 in Shapeshifting
 17554 | D:11     | Reached skill level 10 in Dodging
 18360 | D:12     | Found a staircase to the Orcish Mines.
 18441 | D:12     | Bought a ring of willpower for 425 gold pieces
 18441 | D:12     | Bought a ring of protection from cold for 425 gold pieces
 18446 | Orc:1    | Entered Level 1 of the Orcish Mines
 18636 | Orc:1    | Reached skill level 23 in Shapeshifting
 18638 | Orc:1    | Found a burning altar of Makhleb.
 18648 | Orc:1    | Noticed an orc warlord
 18662 | Orc:1    | Killed an orc warlord
 18786 | Orc:2    | Entered Level 2 of the Orcish Mines
 18786 | Orc:2    | Noticed an orc warlord
 18786 | Orc:2    | Found Gacy's Antique Weapon Boutique.
 18801 | Orc:2    | Reached XP level 15. HP: 54/107 MP: 15/15
 18968 | Orc:2    | Found a staircase to the Elven Halls.
 18968 | Orc:2    | Found Pafu's Antique Armour Shop.
 18981 | Orc:2    | Noticed Azrael
 18990 | Orc:2    | Killed Azrael
 19538 | Orc:2    | Killed an orc warlord
 19692 | Orc:2    | Found Irhiano's Jewellery Boutique.
 19820 | Orc:2    | Found Loygerphi's General Store.
 19849 | Orc:2    | Bought the amulet of Keax {Regen+ Dex+3} for 649 gold
                  | pieces
 19854 | Orc:2    | Bought a ring of protection from fire for 375 gold pieces
 20308 | D:12     | Noticed Rupert
 20316 | D:12     | Killed Rupert
 20413 | D:12     | Noticed Maurice
 20416 | D:12     | Killed Maurice
 20825 | D:13     | Noticed Kave's ghost (journeyman TrSh)
 20897 | D:13     | Found a runed translucent gate.
 20914 | D:13     | Found a runed translucent gate.
 20915 | D:13     | Found a runed translucent gate.
 21193 | D:13     | Killed Kave's ghost
 21545 | D:14     | Found a gate to the Vaults.
 21805 | D:15     | Entered Level 15 of the Dungeon
 21820 | D:15     | Reached skill level 10 in Fighting
 21837 | D:15     | Reached XP level 16. HP: 114/122 MP: 16/16
 22236 | D:15     | Found a staircase to the Depths.
 22239 | D:15     | Reached skill level 10 in Unarmed Combat
 22246 | D:15     | Reached skill level 15 in Dodging
 22345 | D:15     | Found a blossoming altar of Fedhas.
 22582 | D:15     | Noticed Josephine
 22587 | D:15     | Killed Josephine
 23155 | Swamp:1  | Entered Level 1 of the Swamp
 23156 | Swamp:1  | You are sucked into a shaft and drop 1 floor!
 23881 | Swamp:2  | Bought a scroll of fear for 44 gold pieces
 23881 | Swamp:2  | Bought a scroll of poison for 44 gold pieces
 23881 | Swamp:2  | Bought a scroll of identify for 22 gold pieces
 23881 | Swamp:2  | Bought a scroll of vulnerability for 44 gold pieces
 23881 | Swamp:2  | Bought a scroll of identify for 22 gold pieces
 23885 | Swamp:2  | Noticed a thorn hunter
 23886 | Swamp:2  | Noticed a thorn hunter
 23905 | Swamp:2  | Killed a thorn hunter
 23916 | Swamp:2  | Killed a thorn hunter
 24002 | Swamp:2  | Noticed a fenstrider witch
 24016 | Swamp:2  | Paralysed by a fenstrider witch for 3 turns
 24023 | Swamp:2  | Paralysed by a fenstrider witch for 5 turns
 24028 | Swamp:2  | Slain by a fenstrider witch

Illustrated notes

Levels and vault maps discovered:
D:1:      lemuel_arrival_muddy, layout_loops_corners,
          shapermc_ecumenical_altar_mp_ritualfount
D:2:      layout_basic, serial_shops, nicolae_shop_crystal
D:3:      cheibrodos_fertilizer, layout_basic, tso_altar, uniq_natasha
D:4:      kb_forest_paths, layout_rooms, minmay_temple_entry_tees
D:5:      layout_basic, uniq_grinder
D:6:      layout_gridville, mainiacjoe_overflow_catch_the_wave,
          mainiacjoe_overflow_alcove_2, nrook_campfire, minmay_manual_mares,
          uniq_sigmund
D:7:      layout_cave_pools, grunt_temple_overflow_open,
          nicolae_gozag_seed_capital, serial_library_hellmonk_metal_room
D:8:      layout_rooms, minitemple, grunt_lair_entry_orc_guard_hut,
          nicolae_figureground_pulse, uniq_pikel
D:9:      layout_basic, minivault_24, st_stairs_6
D:10:     layout_big_octagon, nicolae_overflow_crystal_walls
D:11:     layout_grid_maze, lightli_fourway_metalbox
D:12:     layout_irregular_city, kennysheep_orc_monster_closet_entryway,
          uniq_rupert, uniq_maurice
D:13:     layout_cave_pools, gammafunk_ghost_split
D:14:     layout_roguey, erik_vaults_1, hangedman_abyss_or_decor_passed
D:15:     hellmonk_depths_entry_around_the_bend, layout_stronghold,
          fedhas_altar_1, minmay_more_statues, uniq_josephine
Temple:   hellmonk_temple_of_storms
Lair:1:   layout_small_grid, grunt_megastairs_5
Lair:2:   layout_small_grid, grunt_megastairs_1
Lair:3:   layout_gridlike, swamp_mist_pool, nicolae_spider_entry_lesser_pyramids
Lair:4:   layout_roguey, slime_entry_2, lemuel_fruit_tree
Lair:5:   gammafunk_lair_ancient_temple, layout_layer_cave
Swamp:1:  layout_falls_marsh, evilmike_swamp_ruin_house_3, swamp_pool_5,
          nicolae_swamp_baby_hydras
Swamp:2:  nzn_winding_woodlands_small
          [nzn_winding_woodlands_5x15_river_crossing,
          nzn_winding_woodlands_center_triple_pond,
          nzn_winding_woodlands_5x15_zeroes], layout_basic_swamp,
          evilmike_swamp_ruin_house_4
Orc:1:    layout_caves, basic_altar
Orc:2:    grunt_orc_gardens, layout_caves, grunt_orc_garden, grunt_orc_garden,
          grunt_orc_garden, grunt_orc_garden, uniq_azrael

Skill      XL: |  1  2  3  4  5  6  7  8  9 10 11 12 13 14 15 16 |
---------------+-------------------------------------------------+-----
Polearms       | 3 4 5 6 7 |  7.9
Fighting       | 4 5 6 10 12 | 12.0
Armour         | 3 4 |  4.8
Shields        | 4 5 6 |  6.3
Shapeshifting  | 9 13 16 20 21 23 | 23.0
Unarmed Combat | 2 6 9 11 | 11.5
Dodging        | 4 12 14 16 | 16.2

Action                     |  1- 3 |  4- 6 |  7- 9 | 10-12 | 13-15 | 16-18 || total
---------------------------+-------+-------+-------+-------+-------+-------++-------
  Melee: Trident           |    95 |   147 |   340 |   730 |    29 |       ||  1341
         Tailslap          |       |       |       |     2 |       |       ||     2
         Unarmed           |       |       |       |       |   505 |   143 ||   648
         Constrict         |       |       |       |       |    10 |       ||    10
         Punch             |       |       |       |       |    27 |     8 ||    35
  Throw: Throwing net      |       |     4 |     1 |     1 |       |       ||     6
         Dart              |       |       |       |     3 |       |       ||     3
 Invoke: Call Merchant     |       |       |       |     2 |     1 |     1 ||     4
Ability: Blinkbolt         |       |       |       |       |    65 |    17 ||    82
  Evoke: Phial of floods   |       |       |     3 |     1 |       |       ||     4
         Wand              |       |       |       |    23 |       |     4 ||    27
         Phantom mirror    |       |       |       |     1 |     1 |       ||     2
    Use: Scroll            |     7 |     3 |     7 |    12 |    10 |       ||    39
         Potion            |       |       |    10 |     5 |     1 |       ||    16
   Stab: Paralysed         |       |       |       |     6 |       |       ||     6
         Distracted        |       |       |       |     4 |     4 |     1 ||     9
         Held in net/web   |       |       |       |     1 |       |       ||     1
         Sleeping          |       |       |       |       |       |     1 ||     1
 Armour: Scale mail        |    53 |    72 |   207 |       |       |       ||   332
         Skin              |       |       |    39 |    19 |   144 |    62 ||   264
         Chain mail        |       |       |       |   559 |    21 |       ||   580
  Dodge: Dodged            |    18 |    64 |   126 |   178 |   600 |   193 ||  1179
  Block: Buckler           |    11 |    25 |    80 |   153 |     9 |       ||   278
   Form: Serpent           |       |       |       |       |     1 |       ||     1
         Storm             |       |       |       |       |     1 |       ||     1

Table legend: (Time is in decaauts)
 A = Elapsed time spent in this place.
 B = Non-inter-level travel time spent in this place.
 C = Inter-level travel time spent in this place.
 D = Time resting spent in this place.
 E = Time spent auto-exploring this place.
 F = Levels seen in this place.
 G = Mean time per level.
                   A        B        C        D        E       F      G
               +--------+--------+--------+--------+--------+-----+--------+
         Total |  23927 |  22481 |   1446 |   1980 |  16674 |  25 |  957.1 |
       Dungeon |  14829 |  13831 |    998 |   1091 |  10290 |  15 |  988.6 |
        Temple |     17 |     17 |      0 |      9 |      0 |   1 |   17.0 |
          Lair |   6429 |   6124 |    305 |    466 |   4726 |   5 | 1285.8 |
         Swamp |    855 |    801 |     54 |     86 |    547 |   2 |  427.5 |
  Orcish Mines |   1795 |   1707 |     88 |    328 |   1111 |   2 |  897.5 |
               +--------+--------+--------+--------+--------+-----+--------+

Top non-repeatable levels by time:
  Lair:3: 1775 daAuts
    D:11: 1762 daAuts
  Lair:2: 1633 daAuts
  Lair:1: 1426 daAuts
     D:9: 1372 daAuts
     D:5: 1328 daAuts
     D:7: 1201 daAuts
    D:15: 1163 daAuts
  Lair:5: 1158 daAuts
     D:6: 1062 daAuts
    D:10: 1047 daAuts
     D:3: 969 daAuts
   Orc:2: 902 daAuts
     D:4: 896 daAuts
   Orc:1: 892 daAuts
